 Dungeon Crawl Stone Soup version 0.26.0-10-g1f06aea511 (webtiles) character file.

Game seed: 16829338433435334032

9581 Arthanis the Arsonist (level 11, -7/57 HPs)
             Began as a Deep Elf Fire Elementalist on Jan 19, 2021.
             Was an Elder of Vehumet.
             Mangled by an entropy weaver (13 damage)
             ... in a Gauntlet.
             The game lasted 00:22:17 (13025 turns).

Arthanis the Arsonist (Deep Elf Fire Elementalist) Turns: 13025, Time: 00:22:17

Health: -7/57      AC:  3    Str:  5    XL:     11   Next: 24%
Magic:  0/28       EV: 14    Int: 24    God:    Vehumet [****..]
Gold:   708        SH:  0    Dex: 15    Spells: 4/32 levels left

rFire    + . .     SeeInvis .   L - +3 scimitar (flame)
rCold    . . .     Faith    .   (no shield)
rNeg     . . .     Spirit   .   a - +0 robe
rPois    .         Reflect  .   y - +0 helmet
rElec    .         Harm     .   Q - scarf {shadows}
rCorr    .         Rampage  .   H - +2 pair of gloves
Will     +....     NoTele   +   t - +0 pair of boots
Stlth    ++........             z - amulet of regeneration
HPRegen  0.59/turn              B - ring of protection from fire
MPRegen  0.21/turn              (no ring)

@: corroded, very slightly contaminated, studying Armour, invisible
A: no striking features
a: Renounce Religion


You were in a Gauntlet.
You worshipped Vehumet.
Vehumet was greatly pleased with you.
You visited 2 branches of the dungeon, and saw 13 of its levels.
You also visited: Bailey and Gauntlet.

You collected 708 gold pieces.

Inventory:

Hand Weapons
 h - a +2 dagger of venom
 p - a +0 halberd
 L - a +3 scimitar of flaming (weapon)
Armour
 a - a +0 robe (worn)
 t - a +0 pair of boots (worn)
 y - a +0 helmet (worn)
 H - a +2 pair of gloves (worn)
 Q - a scarf of shadows (worn)
Jewellery
 z - an amulet of regeneration (around neck)
 B - a ring of protection from fire (left hand)
Wands
 v - a wand of acid (6)
 A - a wand of polymorph (7)
 O - a wand of enslavement (7)
Scrolls
 c - 3 scrolls of enchant armour
 f - a scroll of remove curse
 g - a scroll of silence {unknown}
 i - 6 scrolls of teleportation
 j - 2 scrolls of fear
 k - a scroll of fog {unknown}
 u - 2 scrolls of immolation
 w - a scroll of magic mapping
 x - 5 scrolls of enchant weapon
 G - a scroll of blinking {unknown}
 K - a scroll of holy word {unknown}
 N - a scroll of brand weapon {unknown}
Potions
 b - 2 potions of attraction
 l - 2 potions of haste {unknown}
 m - 6 potions of curing
 n - 2 potions of mutation
 o - 2 potions of degeneration {unknown}
 q - 3 potions of magic
 r - a potion of cancellation {unknown}
 s - 3 potions of ambrosia
 C - a potion of invisibility
 D - a potion of flight {unknown}
 E - a potion of berserk rage {unknown}
 F - a potion of lignification {unknown}
 P - a potion of brilliance {unknown}
Books
 I - a manual of
Armour
 J - a manual of Armour


   Skills:
 - Level 2.0 Fighting
 - Level 4.0 Dodging
 - Level 2.4 Stealth
 + Level 11.4 Spellcasting
 + Level 9.4 Conjurations
 * Level 13.2 Fire Magic
 - Level 2.1 Evocations


You had 4 spell levels left.
You knew the following spells:

 Your Spells              Type           Power        Failure   Level
a - Foxfire               Conj/Fire      100%         1%          1
b - Conjure Flame         Conj/Fire      34%          1%          3
c - Sticky Flame          Conj/Fire      34%          1%          4
d - Fireball              Conj/Fire      17%          1%          5
e - Magic Dart            Conj           100%         1%          1
f - Mephitic Cloud        Conj/Pois/Air  14%          1%          3
g - Blink                 Tloc           N/A          7%          2
h - Shock                 Conj/Air       72%          1%          1
i - Stone Arrow           Conj/Erth      36%          1%          3
j - Iskenderun's Battles  Conj           29%          1%          5

Your spell library contained the following spells:

 Spells                   Type           Power        Failure   Level
 Dazzling Flash           Conj/Hex       36%          1%          3
 Inner Flame              Hex/Fire       22%          1%          3
 Animate Skeleton         Necr           12%          4%          1
 Apportation              Tloc           12%          4%          1
 Corona                   Hex            6%           4%          1
 Summon Small Mammal      Summ           24%          4%          1
 Call Imp                 Summ           6%           7%          2
 Ensorcelled Hibernation  Hex/Ice        12%          7%          2
 Slow                     Hex            6%           7%          2
 Confusing Touch          Hex            6%           14%         3
 Tukima's Dance           Hex            6%           14%         3


Dungeon Overview and Level Annotations

Branches:
Dungeon (12/15)            Temple (1/1) D:5             Orc (0/2) D:12
 Bailey (visited)         Gauntlet (1/1)
   Lair: D:8-11

Altars:
Ashenzari
Cheibriados
Dithmenos
Elyvilon
Fedhas
Gozag
Hepliaklqana
Kikubaaqudgha
Makhleb
Nemelex Xobeh
Okawaru
Ru
Sif Muna
Uskayaw
Vehumet
Wu Jian
Xom
Yredelemnul
Zin
The Shining One

Shops:
D:10 :

Annotations:
Gauntlet 6 transporters, 1 runed translucent door


Message History

Okay, then.
Unknown command.
Casting: Fireball (dangerous; 1% risk of failure)
Confirm with . or Enter, or press ? or * to list all spells.
Aiming: Fireball (dangerous; 1% risk of failure)
Press: ? - help, Shift-Dir - straight line, p - entropy weaver You feel a numb sensation.
The fireball explodes!
The fireball engulfs the entropy weaver!
The entropy weaver is heavily wounded.
The entropy weaver casts a spell at you.
The entropic weave corrodes you!
You feel much better. The entropy weaver hits you. x2
The entropy weaver hits you!
* * * LOW HITPOINT WARNING * * *
The entropy weaver hits you.
* * * LOW HITPOINT WARNING * * *
You feel much better. The entropy weaver hits you! x3
* * * LOW HITPOINT WARNING * * *
The entropy weaver hits you!
You die...

..⌠.#.⌠.⌠.⌠.⌠.⌠.#.⌠..≈≈#
....#©.........©#....≈##
.#########.#########.##
.#.33#..©#.#.......#.≈#
.#.#3#.###.#.##..#.#.≈≈
.#.#3#...#.#.##©...#.≈
.#3#.###.###...###.#.#
#.#. #.#.#..B###.#.≈
+#.#..@### .#.#.?[©.!.#.
##.#########.
.............
∩.⌠.∩..#≈≈≈#≈
......###≈## ###### ##


You could see an entropy weaver.

Vanquished Creatures
  Erica (D:9)
  A two-headed ogre (D:7)
  Pikel (D:6)
  A wolf spider (Gauntlet)
  Maggie (D:9)
  An ice devil (Gauntlet)
  2 jumping spiders (Gauntlet)
  A raiju (Gauntlet)
  A wraith (D:11)
  2 steam dragons (Gauntlet)
  3 water moccasins
  17 orc warriors
  4 ice beasts
  2 ogres
  A necrophage (D:12)
  11 centaurs
  3 big kobolds
  5 bullfrogs
  A water moccasin zombie (D:9)
  6 killer bees (D:9)
  5 wights (D:11)
  2 howler monkeys (D:11)
  2 centaur zombies
  3 jellies
  A centaur skeleton (D:5)
  3 hounds
  A bullfrog skeleton (D:10)
  7 orc priests
  2 iguanas
  5 orc wizards
  3 worker ants
  2 hound skeletons
  2 howler monkey zombies
  A worker ant zombie (D:9)
  A howler monkey skeleton (D:10)
  9 adders
  A shadow imp (D:10)
  4 white imps
  3 ufetubi
  An ooze (D:1)
  2 worms
  3 dart slugs
  3 leopard geckos
  51 orcs
  9 bats
  7 giant cockroaches
  9 goblins
  5 hobgoblins
  3 quokkas
  2 ball pythons
  5 frilled lizards
  2 jackal skeletons
  25 kobolds
  A leopard gecko zombie (D:5)
  A quokka skeleton (D:6)
  10 rats
261 creatures vanquished.

Vanquished Creatures (collateral kills)
  6 foxfires (D:2)
6 creatures vanquished.

Vanquished Creatures (others)
  1140 foxfires
  A fungus (Gauntlet)
  3 plants
1144 creatures vanquished.

Grand Total: 1411 creatures vanquished

Notes
Turn   | Place    | Note
-------+----------+-------------------------------------------
     0 | D:1      | Arthanis the Deep Elf Fire Elementalist began the quest for
                  | the Orb.
     0 | D:1      | Reached XP level 1. HP: 10/10 MP: 6/6
   303 | D:1      | Reached XP level 2. HP: 15/15 MP: 5/8
   669 | D:1      | Reached skill level 4 in Fire Magic
   933 | D:1      | Reached XP level 3. HP: 18/19 MP: 6/9
  1467 | D:2      | Found a sparkling altar of Nemelex Xobeh.
  2375 | D:2      | Reached XP level 4. HP: 6/24 MP: 5/11
  2771 | D:2      | Learned a level 3 spell: Conjure Flame
  2776 | D:2      | Learned a level 4 spell: Sticky Flame
  3550 | D:3      | Found a hide-covered altar of Uskayaw.
  4442 | D:4      | You fall into a shaft and drop 2 floors!
  4483 | D:5      | Entered Level 5 of the Dungeon
  4505 | D:5      | Reached skill level 5 in Fire Magic
  4505 | D:5      | Reached XP level 5. HP: 28/28 MP: 7/13
  4610 | D:5      | Noticed an ogre
  4614 | D:5      | Killed an ogre
  5092 | D:4      | Reached XP level 6. HP: 32/32 MP: 6/15
  5220 | D:4      | Found a shadowy altar of Dithmenos.
  5350 | D:4      | Found a sacrificial altar of Ru.
  5444 | D:5      | Reached skill level 5 in Spellcasting
  5539 | D:5      | Found a glowing golden altar of the Shining One.
  5566 | D:5      | Reached skill level 6 in Fire Magic
  5574 | D:5      | Learned a level 5 spell: Fireball
  5614 | D:5      | Found a staircase to the Ecumenical Temple.
  5627 | D:5      | Learned a level 1 spell: Magic Dart
  5630 | Temple   | Entered the Ecumenical Temple
  5789 | Temple   | Became a worshipper of Vehumet
  5946 | D:6      | Noticed an orc warrior
  5956 | D:6      | Killed an orc warrior
  6218 | D:6      | Reached XP level 7. HP: 36/36 MP: 12/17
  6222 | D:6      | Reached skill level 7 in Fire Magic
  6278 | D:6      | Found an opulent altar of Gozag.
  6351 | D:6      | Found a shimmering altar of Xom.
  6423 | D:6      | Noticed Pikel
  6453 | D:6      | Killed Pikel
  6454 | D:6      | Reached skill level 5 in Conjurations
  6454 | D:6      | Reached skill level 8 in Fire Magic
  6454 | D:6      | Reached XP level 8. HP: 15/41 MP: 3/20
  7082 | D:6      | Reached skill level 9 in Fire Magic
  7515 | D:7      | Reached * piety under Vehumet
  7515 | D:7      | Offered knowledge of Freeze by Vehumet.
  7520 | D:7      | Learned a level 3 spell: Mephitic Cloud
  7523 | D:7      | Learned a level 2 spell: Blink
  7612 | D:7      | Found a shimmering blue altar of Sif Muna.
  7613 | D:7      | Found a burning altar of Makhleb.
  7616 | D:7      | Found a hazy altar of Hepliaklqana.
  7616 | D:7      | Found an iron altar of Okawaru.
  7693 | D:7      | Noticed a two-headed ogre
  7703 | D:7      | Killed a two-headed ogre
  7704 | D:7      | Reached skill level 10 in Fire Magic
  7704 | D:7      | Reached XP level 9. HP: 45/45 MP: 11/23
  7916 | D:7      | You fall into a shaft and drop 2 floors!
  7974 | D:9      | Found a flagged portal.
  7985 | Bailey   | Entered a bailey
  8008 | Bailey   | Reached skill level 1 in Evocations
  8398 | Bailey   | Reached skill level 1 in Fighting
  9015 | Bailey   | Reached skill level 11 in Fire Magic
  9113 | Bailey   | Reached ** piety under Vehumet
  9114 | Bailey   | Reached XP level 10. HP: 44/53 MP: 18/25
  9499 | D:9      | Offered knowledge of Shock by Vehumet.
  9503 | D:9      | Learned a level 1 spell: Shock
  9741 | D:9      | Noticed Maggie
  9746 | D:9      | Killed Maggie
 10084 | D:9      | Reached skill level 10 in Spellcasting
 10442 | D:9      | Found a sacrificial altar of Ru.
 10466 | D:9      | Noticed Erica
 10470 | D:9      | Killed Erica
 10470 | D:9      | Offered knowledge of Stone Arrow by Vehumet.
 10471 | D:9      | Reached skill level 12 in Fire Magic
 10475 | D:9      | Learned a level 3 spell: Stone Arrow
 11024 | D:8      | Reached *** piety under Vehumet
 11188 | D:8      | Noticed a two-headed ogre
 11221 | D:10     | Entered Level 10 of the Dungeon
 11500 | D:10     | Offered knowledge of Olgreb's Toxic Radiance by Vehumet.
 11929 | D:10     | Found Loal's Book Emporium.
 12332 | D:11     | Noticed a boulder beetle
 12332 | D:11     | Noticed a boulder beetle
 12637 | D:12     | Reached XP level 11. HP: 39/57 MP: 7/28
 12805 | D:12     | Found a gate leading to a gauntlet.
 12808 | D:12     | Reached **** piety under Vehumet
 12816 | Gauntlet | Entered a Gauntlet
 12816 | Gauntlet | Found a transporter.
 12816 | Gauntlet | Found a transporter.
 12816 | Gauntlet | Noticed a harpy
 12847 | Gauntlet | Found a transporter.
 12847 | Gauntlet | Found a transporter.
 12851 | Gauntlet | Offered knowledge of Iskenderun's Battlesphere by Vehumet.
 12862 | Gauntlet | Learned a level 5 spell: Iskenderun's Battlesphere
 12868 | Gauntlet | Found a transporter.
 12868 | Gauntlet | Found a transporter.
 12891 | Gauntlet | Found a transporter.
 12891 | Gauntlet | Found a transporter.
 12898 | Gauntlet | Reached skill level 13 in Fire Magic
 12904 | Gauntlet | Noticed an entropy weaver
 12905 | Gauntlet | Noticed a wolf spider
 12925 | Gauntlet | Found a transporter.
 12925 | Gauntlet | Found a transporter.
 12926 | Gauntlet | Noticed a sixfirhy
 12928 | Gauntlet | Noticed a sixfirhy
 12929 | Gauntlet | Noticed a sixfirhy
 12936 | Gauntlet | Noticed a sixfirhy
 13017 | Gauntlet | Found a runed translucent door.
 13017 | Gauntlet | Found a transporter.
 13020 | Gauntlet | Killed a wolf spider
 13025 | Gauntlet | Mangled by an entropy weaver

Illustrated notes

Levels and vault maps discovered:
D:1:      elethiomel_arrival_diamonds, layout_rooms, fountainhead
D:2:      layout_basic, serial_forest, infiniplex_forest_end_3,
          infiniplex_forest_clump_curved, infiniplex_forest_corner_2,
          infiniplex_forest_clump_C, infiniplex_forest_lined_room_,
          infiniplex_forest_lined_room_2, infiniplex_forest_pool,
          infiniplex_forest_lined_2, infiniplex_forest_clump_curved,
          infiniplex_forest_zigzag_1, nemelex_xobeh_ov_fountains_minmay
D:3:      layout_basic, eat_drink_and_be_merry_uskayaw
D:4:      layout_basic, kennysheep_mini_moat, serial_glass, glass_columns_a,
          glass_columns_a, glass_columns_c, glass_columns_b, glass_columns_b,
          chequers_serial_rivers_room_b, nicolae_ru_the_path_less_chosen
D:5:      layout_basic, minmay_temple_entry_trees, basic_altar
D:6:      layout_basic, basic_altar, nicolae_gozag_seed_capital, uniq_pikel
D:7:      layout_basic, grunt_temple_overflow_open, minivault_27,
          minmay_fire_ice_demons
D:8:      nzn_winding_woodlands_large [nzn_winding_woodlands_5x5_open_star,
          nzn_winding_woodlands_5x15_sawtooth, nzn_winding_woodlands_5x5_cross,
          nzn_winding_woodlands_center_garden,
          nzn_winding_woodlands_15x15_boxy_spiral,
          nzn_winding_woodlands_center_diamonds,
          nzn_winding_woodlands_5x5_closed_star,
          nzn_winding_woodlands_5x15_lazy_stream,
          nzn_winding_woodlands_5x5_three], layout_rooms, lair_entry_dummy,
          serial_shops, shop
D:9:      layout_irregular_city, nicolae_overflow_crystal_walls, enter_bailey_2,
          uniq_maggie, uniq_erica
D:10:     layout_basic, serial_shops, kennysheep_mini
D:11:     layout_roguey
D:12:     layout_gridville, erik_orc_4, serial_shops, shop_statue,
          gauntlet_entry_generic, minmay_lizard_king
Temple:   regret_index_temple_generic_petals
Gauntlet: minmay_gauntlet_77_indecision [minmay_gauntlet_arena_77_museum,
          minmay_gauntlet_arena_77_squiggly,
          minmay_gauntlet_arena_77_chump_sandwich,
          minmay_gauntlet_arena_77_checkered,
          minmay_gauntlet_arena_77_block_sizes, minmay_gauntlet_arena_77_path,
          gauntlet_exit_spiral]

Skill      XL: |  1  2  3  4  5  6  7  8  9 10 11 |
---------------+----------------------------------+-----
Fire Magic     | 4 5 6 8 10 11 12 13 | 13.2
Conjurations   | 2 3 4 5 6 7 9 |  9.4
Spellcasting   | 4 5 6 8 9 11 | 11.4
Evocations     | 2 |  2.1
Dodging        | 4 |  4.0
Fighting       | 2 |  2.0
Stealth        | |  2.4

Action                   |  1- 3 |  4- 6 |  7- 9 | 10-12 || total
-------------------------+-------+-------+-------+-------++-------
Melee: Unarmed           |     2 |       |       |       ||     2
       Dagger            |    15 |     4 |     3 |     2 ||    24
       Scimitar          |       |       |       |    10 ||    10
 Cast: Foxfire           |   118 |   154 |   247 |   183 ||   702
       Sticky Flame      |       |       |     3 |    14 ||    17
       Conjure Flame     |       |       |     2 |     3 ||     5
       Fireball          |       |       |    15 |    50 ||    65
       Shock             |       |       |       |    26 ||    26
  Use: Scroll            |       |       |    13 |     6 ||    19
       Potion            |       |       |       |     3 ||     3
 Stab: Sleeping          |     1 |     1 |       |       ||     2
Armor: Robe              |       |       |     2 |    20 ||    22
Dodge: Dodged            |    23 |    18 |    29 |    48 ||   118
       Rpst.: Scimitar   |       |       |       |    11 ||    11
